 Dungeon Crawl Stone Soup version 0.24.0-1-gfbc8707122 (webtiles) character file.

Game seed: 3119047780013710572, levelgen mode: deterministic

3321 Aviak the Poker (level 10, 0/67 HPs)
             Began as a Tengu Skald on Oct 28, 2019.
             Was an Initiate of Ru.
             Succumbed to a killer bee's poison
             ... on level 8 of the Dungeon.
             The game lasted 00:20:29 (7114 turns).

Aviak the Poker (Tengu Skald)                       Turns: 7114, Time: 00:20:30

Health: 0/67       AC:  7    Str: 12    XL:     10   Next: 2%
Magic:  3/14       EV: 21    Int: 14    God:    Ru [......]
Gold:   427        SH:  0    Dex: 16    Spells: 6/15 levels left

rFire    . . .     SeeInvis .   a - +0 spear
rCold    + . .     Gourm    .   (no shield)
rNeg     . . .     Faith    .   e - +2 robe {Archmagi}
rPois    .         Spirit   .   (helmet restricted)
rElec    .         Reflect  .   (no cloak)
rCorr    .         Harm     .   (no gloves)
MR       .....                  (boots unavailable)
Stlth    +.........             (no amulet)
HPRegen  0.21/turn              A - +3 ring of protection
MPRegen  0.14/turn              C - ring of protection from cold

@: lethally poisoned (0 -> -6), marked, flying quickly and evasively, very
slightly contaminated, quick
A: antennae 1, beak, talons 3, deterioration 1, low mp 1, robust 1, disrupted
magic 1, able to fly
a: Stop Flying, Renounce Religion


You were on level 8 of the Dungeon.
You worshipped Ru.
Ru was noncommittal.
You were not hungry.

You visited 2 branches of the dungeon, and saw 10 of its levels.

You collected 427 gold pieces.

Inventory:

Hand Weapons
 a - a +0 spear (weapon)
Armour
 b - a +1 leather armour
 e - a +2 robe of the Archmagi (worn)
 s - the +1 robe of Dim Light {rPois rC+ MR- MP+9}
   (You found it on level 4 of the Dungeon)

   It protects you from cold.
   It protects you from poison.
   It affects your resistance to hostile enchantments.
   It affects your magic capacity (+9).
Magical Staves
 y - an uncursed staff of conjuration {!a}
Jewellery
 g - an uncursed ring of fire
 A - a +3 ring of protection (left hand)
 C - a ring of protection from cold (right hand)
 Z - an uncursed ring of see invisible
Wands
 c - a wand of polymorph (9)
Scrolls
 f - 4 scrolls of enchant weapon
 i - a scroll of identify
 j - a scroll of magic mapping
 l - 2 scrolls of immolation
 r - 2 scrolls of remove curse
 v - a scroll of fog
Potions
 p - a potion of brilliance
Comestibles
 d - 9 rations


   Skills:
 + Level 6.8 Fighting
 + Level 7.6 Polearms
 - Level 1.1 Armour
 + Level 7.5 Dodging
 - Level 3.0 Spellcasting
 - Level 5.2 Charms
 - Level 5.0 Necromancy


You had 6 spell levels left.
You knew the following spells:

 Your Spells              Type           Power        Failure   Level  Hunger
a - Infusion              Chrm           ####         4%          1    #......
b - Song of Slaying       Chrm           ####....     6%          2    ##.....
c - Regeneration          Chrm/Necr      ###.......   12%         3    ###....
d - Spectral Weapon       Hex/Chrm       ##......     30%         3    ###....

Your spell library contained the following spells:

 Spells                   Type           Power        Failure   Level  Hunger
 Shroud of Golubria       Chrm/Tloc      ##....       16%         2    ##.....
 Magic Dart               Conj           #...         30%         1    #......
 Blink                    Tloc           N/A          41%         2    ##.....
 Call Imp                 Summ           #.......     41%         2    ##.....
 Slow                     Hex            #.......     41%         2    ##.....
 Conjure Flame            Conj/Fire      #.......     63%         3    ###....
 Mephitic Cloud           Conj/Pois/Air  #.......     63%         3    ###....


Dungeon Overview and Level Annotations

Branches:
Dungeon (9/15)             Temple (1/1) D:5
   Lair: D:8-11         Orc: D:9-12

Altars:
Ashenzari
Cheibriados
Dithmenos
Elyvilon
Fedhas
Gozag
Hepliaklqana
Kikubaaqudgha
Makhleb
Nemelex Xobeh
Okawaru
Ru
Trog
Uskayaw
Vehumet
Wu Jian
Xom
Yredelemnul
Zin
The Shining One

Shops:
D:8 *

Annotations:
D:7 Harold
D:8 2 runed translucent doors, Erica, Pikel
D:9 1 transporter


Innate Abilities, Weirdness & Mutations

You have a beak for a mouth.
You have claws for feet.
Your casting is slightly disrupted.
You can fly continuously.
You have a pair of small antennae on your head.
Your body sometimes deteriorates upon taking damage.
Your magical capacity is low. (-10% MP)
You are robust. (+10% HP)


Message History

You are very lightly contaminated with residual magic.
Your flying speed is quick.
Your attack speed is quite fast.
Casting: Regeneration (safe; 12% risk of failure)
Confirm with . or Enter, or press ? or * to list all spells.
You don't have enough magic to cast that spell.
* * * LOW HITPOINT WARNING * * *
You feel sick. The killer bee completely misses you.
Okay, then.
* * * LOW HITPOINT WARNING * * *
You feel sick.
The killer bee stings you but does no damage.
Okay, then.
* * * LOW HITPOINT WARNING * * *
You feel sick.
* * * LOW HITPOINT WARNING * * *
You feel sick. The killer bee misses you.
* * * LOW HITPOINT WARNING * * *
You feel sick. The killer bee misses you.
Unknown command.
You die...

#.....# #...{..
###.....# ##.o.c.
#...(...# ###K..
#....#### ####
#.......##############
#..>.....p..pK.{y.....
#..[.####{#p#.pp......
#....####{#{..###.#...
####.@.y#.###.#.......
#........o?..#.....
#............#####⌠
##............. ...
#............. #.⌠
#.........#..#.###
#####.#.....#.. #
#.#....#..#. #
.#...#..#..##


You could see a killer bee and an orc.

Vanquished Creatures
  A queen bee (D:8)
  Prince Ribbit (D:5)
  2 hornets (D:8)
  Eustachio (D:5)
  A hungry ghost (D:8)
  2 water moccasins (D:8)
  An orc warrior (D:8)
  An ice beast (D:8)
  An eye of draining (D:9)
  4 ogres
  A centaur (D:7)
  Blork the orc (D:5)
  A scorpion (D:6)
  11 killer bees (D:8)
  A howler monkey (D:9)
  A crimson imp (D:4)
  A quasit (D:4)
  3 hounds
  An orc priest (D:8)
  A jelly (D:5)
  7 orc wizards
  Jessica (D:3)
  Terence (D:3)
  A centaur skeleton (D:4)
  An iguana (D:5)
  3 worker ants
  A hound skeleton (D:4)
  6 adders
  An ooze (D:7)
  An adder skeleton (D:4)
  A worm (D:5)
  4 dart slugs
  5 leopard geckos
  21 orcs
  6 giant cockroaches
  6 goblins
  6 hobgoblins
  10 jackals
  2 quokkas
  2 ball pythons
  5 bats
  6 frilled lizards
  3 hobgoblin zombies (D:4)
  A jackal zombie (D:6)
  3 kobolds
  3 kobold skeletons (D:4)
  A kobold zombie (D:4)
  2 leopard gecko skeletons
  2 orc skeletons (D:4)
  23 rats
172 creatures vanquished.

Vanquished Creatures (others)
  A quokka (D:5)
1 creature vanquished.

Grand Total: 173 creatures vanquished

Notes
Turn   | Place    | Note
-------+----------+-------------------------------------------
     0 | D:1      | Aviak the Tengu Skald began the quest for the Orb.
     0 | D:1      | Reached XP level 1. HP: 12/12 MP: 4/4
   129 | D:1      | Reached XP level 2. HP: 17/17 MP: 6/6
   590 | D:2      | Reached XP level 3. HP: 12/21 MP: 4/7
   813 | D:2      | Found a snail-covered altar of Cheibriados.
   845 | D:2      | Found a white marble altar of Elyvilon.
  1063 | D:2      | Learned a level 2 spell: Song of Slaying
  1067 | D:2      | Learned a level 3 spell: Regeneration
  1318 | D:2      | Reached XP level 4. HP: 27/27 MP: 8/8
  1353 | D:2      | Found a hide-covered altar of Uskayaw.
  1950 | D:3      | Noticed Jessica
  1956 | D:3      | Killed Jessica
  1956 | D:3      | Gained mutation: You can fly continuously. [Tengu growth]
  1956 | D:3      | Reached XP level 5. HP: 27/32 MP: 4/9
  2172 | D:3      | Noticed Terence
  2187 | D:3      | Killed Terence
  2383 | D:3      | Found an opulent altar of Gozag.
  2748 | D:4      | Reached XP level 6. HP: 23/37 MP: 11/11
  2903 | D:4      | Got a heavy robe
  2912 | D:4      | Reached skill level 1 in Necromancy
  2991 | D:4      | Found a glowing golden altar of the Shining One.
  3021 | D:4      | Reached XP level 7. HP: 24/41 MP: 2/12
  3381 | D:5      | Entered Level 5 of the Dungeon
  3736 | D:5      | Found a white marble altar of Elyvilon.
  3736 | D:5      | Noticed Blork the orc
  3751 | D:5      | Killed Blork the orc
  3900 | D:5      | Found a staircase to the Ecumenical Temple.
  3916 | Temple   | Entered the Ecumenical Temple
  3926 | Temple   | Became a worshipper of Ru the Awakened
  4283 | D:5      | Noticed Eustachio
  4285 | D:5      | Noticed Prince Ribbit
  4344 | D:5      | Killed Eustachio
  4451 | D:5      | Killed Prince Ribbit
  4451 | D:5      | Reached skill level 5 in Polearms
  4451 | D:5      | Reached XP level 8. HP: 34/48 MP: 6/13
  4631 | D:5      | Reached skill level 5 in Dodging
  4672 | D:5      | Identified the +1 robe of Dim Light {rPois rC+ MR- MP+9}
                  | (You found it on level 4 of the Dungeon)
  5137 | D:6      | You are sucked into a shaft and drop 3 floors!
  5336 | D:9      | Found a transporter.
  5342 | D:8      | Noticed a hornet
  5345 | D:8      | Noticed Erica
  5349 | D:8      | Noticed a hornet
  5350 | D:8      | Found a large runed translucent door.
  5350 | D:8      | Found a large runed translucent door.
  5351 | D:8      | Noticed a hornet
  5351 | D:8      | Found an iron altar of Okawaru.
  5351 | D:8      | Noticed a yaktaur
  5404 | D:8      | Reached skill level 5 in Fighting
  5428 | D:8      | Reached XP level 9. HP: 34/54 MP: 1/14
  5508 | D:8      | Found Toats's General Store.
  5543 | D:8      | Gained mutation: Your magical capacity is low. (-10% MP)
                  | [potion of mutation]
  5543 | D:8      | Gained mutation: Your body sometimes deteriorates upon
                  | taking damage. [potion of mutation]
  5543 | D:8      | Gained mutation: You are robust. (+10% HP) [potion of
                  | mutation]
  5543 | D:8      | Gained mutation: You have a pair of small antennae on your
                  | head. [potion of mutation]
  5878 | D:8      | Killed a hornet
  5878 | D:8      | Reached skill level 5 in Charms
  6175 | D:8      | Reached skill level 5 in Necromancy
  6190 | D:8      | Learned a level 3 spell: Spectral Weapon
  6310 | D:8      | Killed a hornet
  6591 | D:8      | Noticed Pikel
  6637 | D:8      | Noticed a queen bee
  6656 | D:8      | Killed a queen bee
  6688 | D:8      | Gained mutation: Your casting is slightly disrupted. [Ru
                  | sacrifice]
  6980 | D:7      | Reached XP level 10. HP: 46/67 MP: 0/14
  6986 | D:7      | Noticed Harold
  7111 | D:8      | HP: 3/67 [poisoned by a killer bee]
  7113 | D:8      | HP: 1/67 [poisoned by a killer bee]
  7114 | D:8      | Succumbed to a killer bee's poison

Levels and vault maps discovered:
D:1:      dpeg_arrival_simpleton_c, layout_loops_ring, minmay_pentomino_o4
D:2:      layout_rooms, lemuel_round_altar, nicolae_overflow_crystal_walls,
          old_standard_altar, first_ration, minmay_rat_hole
D:3:      layout_rooms, kennysheep_pointless_box,
          nicolae_gozag_cash_rules_everything_around_me, uniq_jessica,
          uniq_terence
D:4:      layout_basic, nicolae_tso_besieged_by_evil, eino_curves_04
D:5:      layout_basic, temple_fountains, elyvilon_altar_4, uniq_eustachio,
          uniq_blork_the_orc, uniq_prince_ribbit1
D:6:      layout_basic, hex_intersection, kennysheep_slug_shrine
D:7:      layout_cave_pools, marbit_many_paths, eino_jars, uniq_harold
D:8:      layout_basic, kennysheep_mini_moat, serial_curves, eino_curves_04,
          eino_curves_02, serial_shops, shop_fountains,
          minmay_misc_feat_diagonals, david_nohive_1, jmf_multi_god_temple2,
          uniq_erica, uniq_pikel
D:9:      gammafunk_steamed_eel, layout_basic
Temple:   eino_temple_rhombus

Skill      XL: |  1  2  3  4  5  6  7  8  9 |
---------------+----------------------------+-----
Polearms       | 3 4 5 7 |  7.6
Dodging        | 3 4 5 7 |  7.5
Charms         | 3 4 5 |  5.2
Fighting       | 3 4 5 6 |  6.8
Spellcasting   | 3 |  3.0
Necromancy     | 1 3 4 5 |  5.0
Armour         | |  1.1

Action                   |  1- 3 |  4- 6 |  7- 9 | 10-12 || total
-------------------------+-------+-------+-------+-------++-------
Melee: Spear             |   140 |   213 |   380 |    17 ||   750
       Kick              |    16 |    42 |    73 |     8 ||   139
       Peck              |    12 |    23 |    55 |     5 ||    95
 Cast: Infusion          |     3 |    16 |    31 |       ||    50
       Song of Slaying   |     1 |     2 |     2 |       ||     5
       Regeneration      |       |     1 |    17 |     3 ||    21
       Spectral Weapon   |       |       |     3 |       ||     3
Invok: Sacrifice Essence |       |       |     1 |       ||     1
 Abil: Fly               |       |     1 |       |       ||     1
Evoke: Wand              |       |       |    12 |     1 ||    13
  Use: Scroll            |       |     8 |    10 |     1 ||    19
       Potion            |       |     1 |    11 |     4 ||    16
 Stab: Sleeping          |       |     2 |     3 |       ||     5
       Invisible         |       |       |     2 |       ||     2
  Eat: Chunk             |     2 |     6 |     6 |       ||    14
       Ration            |       |       |     3 |       ||     3
Armor: Leather armour    |    26 |    64 |     6 |       ||    96
       Robe              |       |       |    56 |    10 ||    66
       Skin              |       |       |   105 |       ||   105
Dodge: Dodged            |    67 |   153 |   309 |    36 ||   565
